 Dungeon Crawl Stone Soup version 0.28-a0-1395-g4f6bc678fa (webtiles) character file.

Game seed: 1119275567762411035

2508 HallandMoats the Skirmisher (level 9, -2/68 HPs)
             Began as a Demonspawn Fighter on Jan 5, 2022.
             Was an Initiate of Qazlal.
             Shot with an arrow by a centaur warrior (21 damage)
             ... on level 8 of the Dungeon.
             The game lasted 00:10:47 (7503 turns).

HallandMoats the Skirmisher (Demonspawn Fighter)    Turns: 7503, Time: 00:10:50

Health: -2/68      AC:  4    Str: 21    XL:     9   Next: 28%
Magic:  12/12      EV: 13    Int: 13    God:    Qazlal [......]
Gold:   154        SH:  5    Dex: 15    Spells: 8/8 levels left

rFire   . . .      SeeInvis +   b - +7 hunting sling "Biuck" {venom, Int+4}
rCold   . . .      Faith    .   c - +0 buckler
rNeg    + . .      Spirit   .   F - +1 leather armour of the Stars {Rampage Dex+2}
rPois   .          Reflect  .   (no helmet)
rElec   +          Harm     .   (no cloak)
rCorr   .          Rampage  +   (no gloves)
Will    .....                   (no boots)
Stlth   +.........              (no amulet)
HPRegen 0.21/turn               t - ring "Laodosu" {rElec rN+ SInv}
MPRegen 0.26/turn               l - +4 ring of slaying

@: no status effects
A: spiny 2, magic regeneration, weakness stinger 2
a: Renounce Religion


You were on level 8 of the Dungeon.
You worshipped Qazlal.
Qazlal was noncommittal.
You visited 2 branches of the dungeon, and saw 9 of its levels.

You collected 378 gold pieces.
You spent 224 gold pieces at shops.

Inventory:

Hand Weapons
 a - a +0 flail
 b - the +7 hunting sling "Biuck" (weapon) {venom, Int+4}
   (You found it on level 2 of the Dungeon)

   Any ammunition fired from it poisons the flesh of those it strikes.
   Int:       It affects your intelligence (+4).
Missiles
 k - 53 stones (quivered ammo)
 p - 2 throwing nets
Armour
 c - a +0 buckler (worn)
 E - the +0 leather armour of Soft the Good {Contam rF++ rN+ Str+2}
   (You found it on level 6 of the Dungeon)

   Str:       It affects your strength (+2).
   rF:        It greatly protects you from fire.
   rN:        It protects you from negative energy.
   Contam:    It causes magical contamination when unequipped.
 F - the +1 leather armour of the Stars (worn) {Rampage Dex+2}
   (You bought it in a shop on level 1 of the Dungeon)

   Dex:       It affects your dexterity (+2).
   Rampage:   It bestows one free step when moving towards enemies.
Jewellery
 l - a +4 ring of slaying (right hand)
 m - a ring of resist corrosion
 o - a ring of willpower
 r - a +4 ring of protection
 t - the ring "Laodosu" (left hand) {rElec rN+ SInv}
   (You found it on level 5 of the Dungeon)

   [ring of see invisible]

   rElec:     It insulates you from electricity.
   rN:        It protects you from negative energy.
   SInv:      It lets you see invisible.
 G - an amulet of guardian spirit
Wands
 n - a wand of paralysis (9)
 q - a wand of acid (1)
 s - a wand of flame (22)
 y - a wand of polymorph (7)
Scrolls
 f - a scroll of immolation {unknown}
 i - 3 scrolls of teleportation
 u - 4 scrolls of identify
 v - 2 scrolls of magic mapping {unknown}
 w - a scroll of fog {unknown}
 x - 2 scrolls of enchant weapon {unknown}
 B - a scroll of amnesia {unknown}
 C - a scroll of enchant armour {unknown}
 D - a scroll of blinking {unknown}
 I - a scroll of noise {unknown}
Potions
 d - a potion of might
 e - a potion of flight
 g - a potion of haste {unknown}
 h - a potion of heal wounds
 j - a potion of resistance {unknown}
 z - 4 potions of curing {unknown}
 A - 3 potions of attraction {unknown}
 H - a potion of lignification {unknown}


   Skills:
 + Level 5.1 Fighting
 + Level 4.3 Maces & Flails
 * Level 4.3(5.4) Slings
 * Level 4.9(5.7) Throwing
 + Level 4.6 Armour
 + Level 3.4 Dodging
 - Level 4.4 Shields
 * Level 4.8 Invocations


You had 8 spell levels left.
You didn't know any spells.
Your spell library contained the following spells:

 Spells                   Type           Power      Damage    Failure   Level
 Slow                     Hex            0%         N/A       34%         1
 Confusing Touch          Hex            0%         N/A       71%         3
 Conjure Flame            Conj/Fire      0%         6-21      71%         3
 Ignite Poison            Fire/Tmut/Pois 0%         N/A       71%         3
 Vampiric Draining        Necr           0%         2d6       71%         3
 Animate Dead             Necr           0%         N/A       98%         4
 Sticky Flame             Conj/Fire      0%         2d3       98%         4
 Haunt                    Necr/Summ      0%         N/A       100%        7
 Infestation              Necr           0%         N/A       100%        8


Dungeon Overview and Level Annotations

Branches:
Dungeon (8/15)             Temple (1/1) D:5
   Lair: D:8-11

Altars:
Ashenzari
Cheibriados
Dithmenos
Elyvilon
Fedhas
Gozag
Hepliaklqana
Kikubaaqudgha
Makhleb
Nemelex Xobeh
Okawaru
Qazlal
Ru
Sif Muna
Trog
Uskayaw
Vehumet
Wu Jian
Xom
Yredelemnul
Zin
The Shining One

Shops:
D:1 ![([

Annotations:
D:3 1 runed translucent door, SkeletonJelly's ghost, amateur DrMo


Innate Abilities, Weirdness & Mutations

You are mostly covered in sharp spines.
You regenerate magic rapidly.
You have a tail ending in a sharp stinger.


Message History

No target in view!
A wight comes into view.
It is wielding a +2 scimitar and carrying a wand of flame (26).
A wight is nearby!
You shoot a stone. The stone hits the wight.
The wight is moderately damaged.
A centaur warrior comes into view.
You shoot a stone. The stone hits the centaur warrior!
The centaur warrior is poisoned.
The centaur warrior is lightly wounded.
The centaur warrior wields a +0 shortbow.
The centaur warrior shoots an arrow.
The arrow hits you!
You shoot a stone. The stone closely misses the wight.
The centaur warrior shoots an arrow.
The arrow hits you!
You hear a shout!
You are too injured to fight recklessly!
You are too injured to fight recklessly!
You are too injured to fight recklessly!
The wight zaps a wand.
The puff of flame hits you.
The centaur warrior shoots an arrow.
The arrow hits you.
* * * LOW HITPOINT WARNING * * *
There is a stone staircase leading up here.
You climb upwards.
There is a stone staircase leading down here.
You start resting.
HP restored.
You climb downwards.
There is a stone staircase leading up here.
You shoot a stone. The stone hits the centaur warrior.
The centaur warrior is lightly wounded.
The centaur warrior shoots an arrow.
The arrow hits you!
You shoot a stone.
The stone barely misses the centaur warrior.
The centaur warrior shoots an arrow.
The arrow hits you!
You shoot a stone. The stone hits the centaur warrior!
The centaur warrior looks as sick as possible!
The centaur warrior is moderately wounded.
The centaur warrior shoots an arrow.
The arrow hits you!!
* * * LOW HITPOINT WARNING * * *
The centaur warrior shoots an arrow.
The arrow hits you!!
You die...

... #.....+ ...#
#.....# .c..#
#.....+ .....##
##.....# #....
#....#.#
#...c#####......#
#(..z...c......##
..(.(..####......#
(###†.# #@.....#
(... ##....##
((#.. #....>.. #
#.. #####.## #. .#
.. .#


You could see a centaur warrior (extremely poisoned).

Vanquished Creatures
  A vampire (D:7)
  A steam dragon (D:7)
  Menkaure (D:7)
  2 sky beasts
  A black bear (D:6)
  4 ogres
  2 centaurs
  A phantom (D:6)
  3 bullfrogs
  2 scorpions
  A killer bee (D:8)
  2 howler monkeys
  4 wights (D:6)
  3 jellies (D:6)
  5 hounds
  A gnoll shaman (D:4)
  An orc priest (D:5)
  A bullfrog skeleton (D:5)
  2 centaur skeletons
  Natasha (D:2)
  An iguana (D:5)
  An orc wizard (D:6)
  3 adders
  8 gnolls (D:4)
  A shadow imp (D:7)
  2 dart slugs (D:3)
  20 orcs
  7 endoplasms
  A giant cockroach (D:2)
  7 hobgoblins
  4 quokkas (D:1)
  7 ball pythons
  9 bats
  5 frilled lizards
  2 goblins (D:1)
  4 kobolds
  2 rats (D:3)
123 creatures vanquished.

Vanquished Creatures (others)
  2 plants (D:1)
2 creatures vanquished.

Grand Total: 125 creatures vanquished

Notes
Turn   | Place    | Note
-------+----------+-------------------------------------------
     0 | D:1      | HallandMoats the Demonspawn Fighter began the quest for the
                  | Orb.
     0 | D:1      | Reached XP level 1. HP: 18/18 MP: 1/1
    25 | D:1      | Found Fudu Baa's Weapon Shoppe.
   203 | D:1      | Found Riotos's Distillery.
   422 | D:1      | Gained mutation: You have a small tail. [demonic ancestry]
   422 | D:1      | Reached XP level 2. HP: 23/24 MP: 2/2
   473 | D:1      | Found Zaahiheu's Antique Armour Boutique.
   692 | D:1      | Found Ziofasho's Antique Armour Shop.
  1249 | D:2      | Gained mutation: You are partially covered in sharp spines.
                  | [demonic ancestry]
  1249 | D:2      | Reached XP level 3. HP: 24/29 MP: 3/3
  1335 | D:2      | Identified the +7 hunting sling "Biuck" {venom, Int+4}
  1353 | D:2      | Found a faded altar of an unknown god.
  1871 | D:2      | Noticed Natasha
  1875 | D:2      | Killed Natasha
  1876 | D:2      | Reached skill level 1 in Dodging
  1876 | D:2      | Reached XP level 4. HP: 35/35 MP: 4/4
  1979 | D:3      | Noticed an ogre
  1983 | D:3      | Killed an ogre
  1984 | D:3      | Reached skill level 1 in Throwing
  1984 | D:3      | Reached XP level 5. HP: 41/41 MP: 5/5
  2668 | D:3      | Found a runed translucent door.
  2848 | D:3      | Noticed SkeletonJelly's ghost (amateur DrMo)
  3101 | D:4      | Gained mutation: You have a tail ending in a sharp stinger.
                  | [demonic ancestry]
  3101 | D:4      | Reached XP level 6. HP: 43/48 MP: 6/6
  3216 | D:4      | Reached skill level 1 in Slings
  3246 | D:4      | Found a broken altar of Ashenzari.
  3252 | D:4      | Saw a vision of the Spider Nest and the Snake Pit.
  3252 | D:4      | Noticed a redback
  3252 | D:4      | Noticed a wolf spider
  3252 | D:4      | Noticed a redback
  3252 | D:4      | Noticed a hornet
  3252 | D:4      | Noticed a naga mage
  3252 | D:4      | Noticed a shock serpent
  3252 | D:4      | Noticed a naga
  3252 | D:4      | Noticed a black mamba
  3252 | D:4      | Noticed a naga
  3695 | D:5      | Entered Level 5 of the Dungeon
  3714 | D:5      | Identified the ring "Laodosu" {rElec rN+ SInv}
  3968 | D:5      | Reached skill level 4 in Fighting
  3982 | D:5      | Gained mutation: You regenerate magic rapidly. [demonic
                  | ancestry]
  3982 | D:5      | Reached XP level 7. HP: 51/54 MP: 7/7
  4085 | D:5      | Found a staircase to the Ecumenical Temple.
  4617 | Temple   | Entered the Ecumenical Temple
  4814 | Temple   | Became a worshipper of Qazlal Stormbringer
  4908 | D:6      | Reached skill level 1 in Invocations
  4908 | D:6      | Gained mutation: You are mostly covered in sharp spines.
                  | [demonic ancestry]
  4908 | D:6      | Reached XP level 8. HP: 61/61 MP: 7/9
  5792 | D:6      | Identified the +0 leather armour of Soft the Good {Contam
                  | rF++ rN+ Str+2}
  5975 | D:1      | Bought a polished leather armour for 224 gold pieces
  5975 | D:1      | Identified the +1 leather armour of the Stars {Rampage
                  | Dex+2} (You bought it in a shop on level 1 of the Dungeon)
  6313 | D:7      | Noticed Menkaure
  6319 | D:7      | Killed Menkaure
  6432 | D:7      | Reached XP level 9. HP: 67/67 MP: 10/12
  6895 | D:7      | Reached skill level 5 in Fighting
  7270 | D:8      | Noticed a centaur warrior
  7503 | D:8      | Shot with an arrow by a centaur warrior

Illustrated notes

Levels and vault maps discovered:
D:1:      minmay_arrival_diagonal_passages, layout_loops_corners, serial_shops,
          nicolae_diamond_shop, nicolae_diamond_shop,
          nicolae_shop_window_shopping, shop, serial_bayou_lagoon_b
D:2:      layout_loops_cross, nicolae_ecumenical_pavilion, uniq_natasha
D:3:      layout_basic, ebering_ghost_reflecting_pool
D:4:      layout_loops_ring, grunt_ashenzari_visionary
          [grunt_ashenzari_visionary_spider, grunt_ashenzari_visionary_snake],
          roderic_serpentine_path
D:5:      layout_layer_cave, minmay_temple_entry_mist
D:6:      layout_gridville
D:7:      layout_basic, roderic_roman_lattice, uniq_menkaure
D:8:      hangedman_cross_stitches, layout_basic
Temple:   minmay_crystal_snake_temple

Skill      XL: |  1  2  3  4  5  6  7  8  9 |
---------------+----------------------------+-----
Maces & Flails | 2 3 4 |  4.3
Armour         | 3 4 |  4.6
Shields        | 3 4 |  4.4
Dodging        | 1 2 3 |  3.4
Throwing       | 1 2 3 4 |  4.9
Slings         | 1 2 4 |  4.3
Fighting       | 4 5 |  5.1
Invocations    | 1 4 |  4.8

Action                   |  1- 3 |  4- 6 |  7- 9 || total
-------------------------+-------+-------+-------++-------
Melee: Flail             |    86 |       |     7 ||    93
       Tailslap          |     7 |       |     2 ||     9
 Fire: Hunting sling     |     9 |   105 |   138 ||   252
  Use: Scroll            |       |     3 |       ||     3
       Potion            |       |       |     2 ||     2
Armor: Scale mail        |    55 |     5 |     3 ||    63
       Leather armour    |       |       |     3 ||     3
Dodge: Dodged            |    40 |    12 |    25 ||    77
Block: Buckler           |    16 |     4 |    13 ||    33

Table legend: (Time is in decaauts)
 A = Elapsed time spent in this place.
 B = Non-inter-level travel time spent in this place.
 C = Inter-level travel time spent in this place.
 D = Time resting spent in this place.
 E = Time spent auto-exploring this place.
 F = Levels seen in this place.
 G = Mean time per level.
                   A        B        C        D        E       F      G
               +--------+--------+--------+--------+--------+-----+--------+
         Total |   7578 |   6727 |    851 |    438 |   5488 |   9 |  842.0 |
       Dungeon |   7346 |   6562 |    784 |    438 |   5344 |   8 |  918.2 |
        Temple |    231 |    164 |     67 |      0 |    144 |   1 |  231.0 |
               +--------+--------+--------+--------+--------+-----+--------+

Top non-repeatable levels by time:
     D:1: 1402 daAuts
     D:7: 1292 daAuts
     D:3: 1064 daAuts
     D:6: 1006 daAuts
     D:5: 950 daAuts
     D:4: 842 daAuts
     D:2: 735 daAuts
  Temple: 231 daAuts
     D:8: 53 daAuts
